 Dungeon Sprint DCSS version 0.15.2 (webtiles) character file.

2 potatolord6000 the Practitioner (level 1, 0/17 HPs)
             Began as a Hill Orc Healer on Oct 2, 2017.
             Was a Believer of Elyvilon.
             Slain by a giant mite (3 damage)
             ... in the Dungeon (Sprint VII: "The Pits").
             The game lasted 00:01:17 (99 turns).

potatolord6000 the Practitioner (Hill Orc Healer)     Turns: 99, Time: 00:01:17

HP   0/17        AC  3     Str 14      XL: 1   Next: 30%
MP   1/2         EV 12     Int 12      God: Elyvilon [**....]
Gold 0           SH  0     Dex 10      Spells:  0 memorised,  0 levels left

rFire  . . .     SeeInvis .     i - +2 falchion
rCold  . . .     Clarity  .     a - +1 robe
rNeg   . . .     rCorr    .     (no shield)
rPois  .         rRot     .     (no helmet)
rElec  .         Spirit   .     (no cloak)
SustAb .         Warding  .     (no gloves)
rMut   .         NoTele   +     (no boots)
Gourm  .                        (no amulet)
MR     .....                    (no ring)
                                (no ring)

@: not resistant to hostile enchantments, very unstealthy
A: no striking features
a: Lesser Healing, Lesser Self-Healing, Divine Protection, Purification,
Renounce Religion


You were in the Dungeon.
You worshipped Elyvilon.
Elyvilon was pleased with you.
You were not hungry.

You visited 1 branch

Inventory:

Hand weapons
 i - a +2 falchion (weapon)
Armour
 a - a +1 robe (worn)
Comestibles
 d - 9 meat rations
 j - 40 fruits
 k - 7 bread rations
Scrolls
 h - a scroll of blinking
 m - 2 scrolls of vulnerability
 n - 3 scrolls of remove curse
 o - 5 scrolls of amnesia
 p - a scroll of summoning
Potions
 b - 2 potions of curing
 c - 2 potions of heal wounds
 e - a potion of haste
 f - 4 potions of magic
 g - 3 potions of berserk rage
 l - 2 potions of invisibility


   Skills:
 + Level 1.7 Fighting
 + Level 0.4 Long Blades
 + Level 1.8 Dodging
 + Level 0.3 Spellcasting
 + Level 4.1 Invocations


You couldn't memorise any spells.
You didn't know any spells.

Dungeon Overview and Level Annotations

Branches:
Dungeon (1/1)

Altars:
Ashenzari
Cheibriados
Dithmenos
Elyvilon
Fedhas
Kikubaaqudgha
Makhleb
Nemelex Xobeh
Okawaru
Sif Muna
Trog
Vehumet
Xom
Yredelemnul
Zin
The Shining One
Beogh
Jiyva
Lugonu


Message History

* * * LOW HITPOINT WARNING * * *
The giant mite barely misses you.
Unknown command.
Press: ? - help, v - describe, . - travel
Here: a giant mite (clinging)
The floor.
You closely miss the giant mite.
The giant mite bites you but does no damage.
Unknown command.
You barely miss the giant mite. The giant mite barely misses you.
Unknown command.
You hit the giant mite.
The giant mite is moderately wounded.
The giant mite bites you.
* * * LOW HITPOINT WARNING * * *
Unknown command.
You slash the giant mite!
The giant mite is almost dead.
The giant mite barely misses you. The giant mite bites you.
You die...

#______.___#
#.#####'##############+
#)))'.'..##...........
#)).#.#.(##......#..#.
#######'#####...........
#...........'...........
#+#####%#####......#..#.
#...s.# #...........
#....@# ####'#####++
###+### #.......#
#.......# #.......#
#...<...# #.......#
#.......# #.......#
#########


You could see a giant mite.

Vanquished Creatures
  A quokka (D)
1 creature vanquished.

Notes
Turn   | Place    | Note
--------------------------------------------------------------
     0 | D        | potatolord6000, the Hill Orc Healer, began the quest for the Orb.
     0 | D        | Reached XP level 1. HP: 16/16 MP: 2/2
    56 | D        | Found a basalt altar of Yredelemnul.
    56 | D        | Found a shadowy altar of Dithmenos.
    56 | D        | Found a deep blue altar of Sif Muna.
    56 | D        | Found a burning altar of Makhleb.
    56 | D        | Found a shimmering altar of Xom.
    56 | D        | Found an ancient bone altar of Kikubaaqudgha.
    56 | D        | Found a sparkling altar of Nemelex Xobeh.
    57 | D        | Found a glowing golden altar of the Shining One.
    57 | D        | Found a bloodstained altar of Trog.
    57 | D        | Found a shattered altar of Ashenzari.
    57 | D        | Found a white marble altar of Elyvilon.
    57 | D        | Found a snail-covered altar of Cheibriados.
    57 | D        | Found a blossoming altar of Fedhas.
    57 | D        | Found a radiant altar of Vehumet.
    57 | D        | Found a glowing silver altar of Zin.
    57 | D        | Found a corrupted altar of Lugonu.
    57 | D        | Found a viscous altar of Jiyva.
    57 | D        | Found a roughly hewn altar of Beogh.
    57 | D        | Found an iron altar of Okawaru.
    90 | D        | Reached skill level 4 in Invocations
    99 | D        | Slain by a giant mite

Action                   || total
-------------------------++-------
Melee: Falchion          ||    20
Invok: Lesser Healing    ||     3
